Unix NetHack Version 3.7.0-62 Work-in-progress - last build Aug 7 2022 04:32:40 (f254b98e4f4e6c2f4e816e90bd3419c5233a8e5f,branch:master). Game began 2022-08-07 22:10:26, ended 2022-08-07 22:23:10. spontiff, neutral male gnomish Healer ----------- --- --.|@--.--.--- -------------.--------...hd.......| ------- --......................)fh........| --..|..| |...---------%.--------...........-- |......| |..-- ---- ---...--...-- --.....----.-- -..----..| --.....--..| ..-- ---- --........| ...| |--.....-- .....| |.......| ......- |.--..--- ..--... ----|.||.-- ... ---. |.<.|.--.| ... . --.......| .*. . ------..-- .... . |...-- -... . ---..| --- . |..| .. |..| .- ---- --- Spontiff the Rhizotomist St:9 Dx:10 Co:13 In:9 Wi:18 Ch:17 Neutral S:179 Dlvl:4 $:1143 HP:0(15) Pw:5(5) AC:7 Xp:1/0 T:1348 Latest messages: In what direction? h You hear a hollow sound. This must be a secret passage! What do you want to use or apply? [biksvS or ?*] s In what direction? j You hear nothing special. What do you want to use or apply? [biksvS or ?*] s In what direction? k You hear nothing special. You see here a berried treasure. B - a berried treasure. $ - 11 gold pieces (1143 in total). You see here a statue of a grid bug. You descend the stairs. You climb up the stairs. You descend the stairs. D - a dark green potion. You see here an orange gem. E - an orange gem. What do you want to write with? [- aoERSW or ?*] E You write in the dust with an orange gem. What do you want to write in the dust here? Never mind. What do you want to call? [bcg-ikovxzC-ERS or ?*] E Call an orange gem: o1 The kitten misses the gnome. The kitten bites the gnome. The gnome misses the kitten. The kitten bites the gnome. The gnome misses the kitten. The kitten bites the gnome. The gnome is killed! Your kitten grows up into a housecat. The housecat eats a gnome corpse. The housecat drops a bow. The housecat picks up a bow. The jackal bites! The hobbit wields a runed dagger! The jackal bites! The hobbit hurls a golden potion! The carafe crashes on your head and breaks into shards. The golden potion evaporates. Something seems to be holding you. The jackal bites! The housecat drops a bow. The jackal bites! The hobbit thrusts his runed dagger. The hobbit hits! You die... Do you want your possessions identified? [ynq] (y) y Do you want to see the dungeon overview? [ynq] (y) y Major events: Turn 1: spontiff the neutral male gnomish Healer entered the dungeon 1269: entered the Gnomish Mines 1348: killed by a hobbit, while frozen by a potion Inventory: Weapons W - an uncursed +0 dart a - an uncursed +0 scalpel Armor h - an uncursed +0 orcish helm (being worn) g - an uncursed +1 pair of leather gloves (being worn) Comestibles B - an uncursed berried treasure y - 7 uncursed apples r - an uncursed rotten tin of kobold meat u - an uncursed lichen corpse Scrolls z - an uncursed scroll of gold detection x - a blessed scroll of teleportation Spellbooks v - a blessed spellbook of extra healing b - a blessed spellbook of healing i - a blessed spellbook of stone to flesh Potions D - an uncursed potion of blindness C - 4 uncursed potions of extra healing c - 4 uncursed potions of healing Rings R - an uncursed ring of polymorph control named !c Wands S - an uncursed wand of sleep (0:6) Tools k - an uncursed skeleton key s - an uncursed stethoscope Gems/Stones o - a cursed worthless piece of blue glass E - an uncursed worthless piece of orange glass Spontiff the Healer's attributes: Background: You were a Rhizotomist, a level 1 male gnomish Healer. You were neutral, on a mission for Hermes who was opposed by Athena (lawful) and Poseidon (chaotic). You were in the Gnomish Mines, on level 4. You entered the dungeon 1348 turns ago. It was nighttime. You had 0 experience points, 20 were needed to attain level 2. Your score was 179 before end-of-game adjustments. Basics: You had 0 out of 15 hit points. You had all 5 energy points (spell power). Your armor class was 7. Your wallet contained 1143 zorkmids. Autopickup was on for '$!/="?' plus thrown, with exceptions. Final Characteristics: Your strength was 9 (limit:18/50). Your dexterity was 10 (limit:18). Your constitution was 13 (limit:18). Your intelligence was 9 (limit:19). Your wisdom was 18 (limit:18). Your charisma was 17 (limit:18). Final Status: You were not hungry. You were unencumbered. You were empty handed. You were unskilled in bare handed combat. Final Attributes: You were devoutly aligned. You were poison resistant. You had infravision. You are dead. Miscellaneous: You never encountered a bones level. Total elapsed playing time was 12 minutes and 44 seconds. Vanquished creatures: an acid blob a gnome 3 jackals 2 kobolds a goblin 5 grid bugs 2 lichens 2 newts 17 creatures vanquished. No species were genocided or became extinct. Voluntary challenges: You never hit with a wielded weapon. You were a pacifist. You read items or engraved 1 time. You never engraved Elbereth. You never genocided any monsters. You never polymorphed an object. You never changed form. You used no wishes. Achievement: You entered the Gnomish Mines. The Dungeons of Doom: levels 1 to 3 Level 1: A fountain, a sink, a grave. Level 2: Level 3: A fountain. Stairs down to The Gnomish Mines. The Gnomish Mines: Level 4: <- You were here. Final resting place for you, killed by a hobbit, while frozen by a potion. Game over: ---------- / \ / REST \ / IN \ / PEACE \ / \ | spontiff | | 1143 Au | | killed by a | | hobbit | | | | | | 2022 | *| * * * | * _________)/\\_//(\/(/\)/\//\/|_)_______ Goodbye spontiff the Healer... You died in The Gnomish Mines on dungeon level 4 with 177 points, and 1143 pieces of gold, after 1348 moves. You were level 1 with a maximum of 15 hit points when you died.